Map: [ESL] Crimson Court

Players

ShoWTimE - Winner!

  • Race: Protoss Protoss
  • Spawn Location: 7:00

NightPhoenix

  • Race: Protoss Protoss
  • Spawn Location: 1:00

Event: ESL SC2 Masters 2024 Spring (Regional)

VOD

Have the link to the VOD?

Description

Time

  • Played on: April 11, 2024, 11:54 a.m.
  • Length: 11:18

All games in this series

Show
View Real Time Build Order
Export as new Build Order

ShoWTimE Protoss - Winner!

Build Orders: Phoenix Opening, Blink Stalkers 

Get SALT Encoding   

  12  0:00  Probe  
  13  0:12  Probe  
  14  0:17  Pylon  
  14  0:24  Probe (Chrono Boost)  
  15  0:36  Probe (Chrono Boost), Gateway  
  16  0:44  Probe (Chrono Boost)  
  16  0:45  Assimilator  
  17  0:50  Probe  
  18  1:00  Assimilator  
  18  1:02  Probe (Chrono Boost)  
  19  1:07  Gateway  
  19  1:13  Probe (Chrono Boost)  
  19  1:17  Probe (Chrono Boost)  
  20  1:23  Cybernetics Core  
  21  1:29  Probe  
  22  1:34  Pylon  
  22  1:41  Probe  
  23  1:53  Probe  
  24  1:59  Stalker  
  24  2:00  Warp Gate  
  28  2:05  Sentry, Probe  
  29  2:11  Pylon  
  29  2:18  Probe  
  30  2:25  Pylon  
  30  2:28  Sentry  
  32  2:35  Phoenix  
  32  2:39  Sentry  
  32  2:44  Nexus  
  34  2:46  Probe  
  35  2:52  Shield Battery  
  35  2:58  Probe  
  36  3:04  Twilight Council  
  36  3:10  Probe  
  37  3:14  Stalker  
  39  3:21  Pylon, Phoenix  
  39  3:34  Blink (Chrono Boost)  
  39  3:39  Probe (Chrono Boost)  
  41  3:49  Probe (Chrono Boost)  
  41  3:54  Probe (Chrono Boost)  
  41  3:55  Probe  
  41  3:56  Stalker  
  41  3:57  Stalker  
  47  4:06  Probe  
  47  4:08  Probe  
  45  4:18  Probe  
  45  4:20  Stalker x2, Probe  
  49  4:28  Gateway  
  49  4:30  Probe  
  50  4:32  Probe  
  51  4:42  Probe  
  51  4:43  Stalker x2  
  51  4:45  Probe  
  57  4:47  Pylon  
  57  4:48  Shield Battery  
  57  4:54  Probe  
  58  5:06  Stalker x2  
  62  5:13  Nexus  
  62  5:17  Pylon  
  60  5:22  Probe  
  60  5:26  Probe  
  58  5:28  Stalker  
  58  5:29  Assimilator  
  58  5:32  Stalker  
  58  5:33  Stalker  
  58  5:35  Probe  
  65  5:38  Probe  
  66  5:47  Probe  
  66  5:48  Robotics Facility  
  67  5:50  Probe  
  67  5:54  Stalker  
  70  5:59  Probe  
  70  6:01  Stalker x2  
  70  6:03  Probe  
  70  6:04  Shield Battery  
  76  6:11  Probe  
  76  6:12  Pylon  
  76  6:15  Probe  
  78  6:23  Stalker  
  78  6:25  Probe (Chrono Boost)  
  75  6:29  Stalker x2  
  75  6:30  Probe (Chrono Boost)  
  75  6:32  Forge, Probe (Chrono Boost)  
  82  6:42  Probe x2 (Chrono Boost)  
  82  6:44  Probe (Chrono Boost)  
  82  6:46  Probe (Chrono Boost)  
  82  6:47  Stalker  
  86  6:48  Probe (Chrono Boost)  
  86  6:53  Probe  
  89  6:54  Shield Battery  
  89  6:55  Stalker  
  89  6:57  Pylon, Probe  
  89  7:00  Pylon, Probe  
  89  7:01  Stalker  
  95  7:05  Probe  
  95  7:10  Immortal (Chrono Boost), Shield Battery  
  95  7:12  Stalker  
  99  7:18  Stalker  
  91  7:24  Stalker  
  91  7:26  Probe  
  91  7:27  Probe x2  
  90  7:36  Protoss Ground Weapons Level 1 (Chrono Boost)  
  80  7:38  Observer, Probe  
  80  7:39  Stalker  
  80  7:43  Stalker  
  86  7:47  Probe  
  86  7:50  Photon Cannon  
  87  7:53  Gateway  
  87  7:54  Gateway  
  87  7:56  Stalker  
  87  7:57  Observer (Chrono Boost), Gateway  
  89  7:59  Pylon  
  90  8:08  Nexus  
  90  8:10  Stalker  
  92  8:13  Probe  
  92  8:18  Gateway  
  92  8:19  Gateway  
  93  8:21  Stalker  
  93  8:22  Pylon  
  93  8:26  Charge  
  93  8:28  Pylon  
  93  8:35  Probe x2  
  93  8:37  Assimilator, Immortal (Chrono Boost)  
  99  8:44  Stalker  
  99  8:45  Pylon  
  99  8:46  Zealot  
  103  8:53  Gateway  
  103  8:56  Stalker x2  
  103  8:57  Gateway  
  107  9:03  Stalker  
  107  9:04  Probe  
  110  9:14  Stalker x2  
  114  9:17  Probe  
  114  9:18  Warp Prism (Chrono Boost)  
  114  9:19  Cybernetics Core  
  114  9:20  Zealot x5  
  127  9:27  Probe x3  
  127  9:30  Probe  
  131  9:34  Zealot  
  131  9:44  Probe  
  132  9:46  Photon Cannon  
  132  9:50  Pylon  
  132  9:51  Probe  
  132  9:52  Probe  
  134  9:55  Pylon  
  132  10:00  Zealot x4  
  138  10:10  Probe x2  
  138  10:11  Photon Cannon, Probe x2  
  142  10:16  Pylon  
  142  10:18  Zealot x4  
  142  10:20  Observer  
  150  10:26  Photon Cannon  
  145  10:30  Nexus  
  145  10:33  Stalker x3  
  151  10:40  Photon Cannon  
  147  10:49  Stalker x5  
  151  10:52  Probe x3  
  151  10:53  Probe  
  151  10:56  Stalker x2  
  159  11:02  Stalker x2  
  159  11:03  Zealot  
  165  11:16  Zealot x5  
Show
View Real Time Build Order
Export as new Build Order

NightPhoenix Protoss 

Build Orders: Blink Stalkers 

Get SALT Encoding   

  12  0:00  Probe  
  13  0:12  Probe  
  14  0:17  Pylon  
  14  0:24  Probe (Chrono Boost)  
  15  0:36  Probe (Chrono Boost), Gateway  
  16  0:44  Probe (Chrono Boost)  
  16  0:45  Assimilator  
  17  0:51  Probe  
  17  0:54  Assimilator  
  18  1:03  Probe (Chrono Boost)  
  19  1:06  Gateway  
  19  1:13  Probe (Chrono Boost)  
  19  1:17  Probe (Chrono Boost)  
  20  1:24  Cybernetics Core  
  21  1:29  Probe  
  22  1:35  Pylon  
  22  1:41  Probe  
  23  1:53  Probe  
  24  2:01  Stalker x2  
  24  2:05  Warp Gate  
  28  2:08  Probe  
  29  2:16  Pylon  
  29  2:31  Stalker  
  29  2:34  Stalker  
  33  2:41  Twilight Council  
  33  3:08  Nexus  
  33  3:13  Blink (Chrono Boost)  
  33  3:23  Pylon  
  33  3:25  Probe  
  34  3:37  Probe  
  35  3:43  Gateway  
  35  3:53  Stalker  
  35  3:54  Stalker  
  39  3:57  Probe  
  36  4:19  Probe  
  36  4:20  Stalker x2  
  36  4:21  Probe  
  42  4:31  Probe  
  43  4:34  Probe  
  44  4:40  Stalker, Gateway  
  44  4:43  Probe  
  47  4:46  Probe  
  47  4:47  Stalker  
  47  4:52  Stalker  
  52  4:55  Probe  
  52  4:58  Probe  
  54  5:06  Stalker  
  56  5:08  Probe  
  56  5:10  Probe  
  56  5:11  Pylon  
  58  5:15  Stalker  
  56  5:25  Stalker  
  56  5:27  Probe x2  
  56  5:29  Stalker  
  58  5:43  Stalker x2  
  58  5:48  Stalker  
  62  5:56  Stalker, Probe  
  62  5:57  Probe  
  62  5:59  Gateway x2  
  62  6:07  Stalker x2  
  66  6:11  Pylon  
  66  6:23  Stalker x2  
  66  6:31  Assimilator  
  66  6:33  Stalker x2  
  66  6:34  Probe x2  
  66  6:35  Assimilator  
  66  6:36  Pylon  
  72  6:50  Stalker x2  
  72  6:53  Pylon  
  76  6:54  Stalker x2  
  76  6:58  Stalker  
  74  7:19  Stalker x4  
  70  7:36  Stalker x2  
  64  7:46  Stalker x4  
  72  8:00  Stalker x2  
  74  8:18  Stalker x4  
  80  8:26  Stalker x2  
  80  8:41  Adept x4  
  88  8:49  Pylon  
  88  8:54  Nexus  
  88  8:57  Pylon  
  88  9:04  Stalker x2  
  90  9:14  Stalker  
  90  9:15  Stalker  
  88  9:20  Stalker  
  88  9:21  Stalker  
  88  9:24  Probe  
  88  9:25  Probe  
  90  9:34  Stalker x2  
  86  9:43  Probe x2  
  88  9:47  Stalker x2  
  88  10:01  Probe x2 (Chrono Boost)  
  88  10:03  Gateway x2  
  90  10:12  Pylon, Probe (Chrono Boost)  
  90  10:13  Probe (Chrono Boost)  
  92  10:16  Stalker  
  92  10:20  Stalker  
  86  10:29  Probe x3  
  86  10:32  Stalker, Shield Battery  
  86  10:33  Stalker  
  93  10:41  Forge  
  91  10:48  Stalker x3  
  87  10:54  Stalker  
  87  10:55  Stalker  
  91  10:58  Stalker  
  91  11:00  Stalker  
  91  11:03  Assimilator  
  95  11:07  Robotics Facility  
Tags
 
Add a new tag
Caveats
  • Supply blocks, unpowered buildings, or Contaminate may cause inaccurate times.
  • Supply counts are checked every 10 seconds.